 Dungeon Crawl Stone Soup version 0.32-a0-391-gce5c0aab1b (webtiles) character file.

Game seed: 3070568004847941431

5 Bravepunisher the Ducker (level 1, -1/11 HPs)
             Began as a Spriggan Monk on Feb 19, 2024.
             Slain by an iguana (7 damage)
             ... on level 4 of the Dungeon.
             The game lasted 00:00:59 (155 turns).

Bravepunisher the Ducker (Spriggan Monk)             Turns: 155, Time: 00:00:59

Health: -1/11      AC:  2    Str:  7    XL:     1   Next: 66%
Magic:  2/2        EV: 19    Int: 11    God:
Gold:   14         SH:  0    Dex: 17    Spells: 0/0 levels left

rFire   . . .        a - +0 short sword
rCold   . . .        (no shield)
rNeg    . . .        b - +0 robe
rPois   .            (helmet restricted)
rElec   .            (no cloak)
rCorr   .            (gloves unavailable)
SInv    +            (boots unavailable)
Will    .....        (no amulet)
Stlth   ++           (no ring)
HPRegen 0.21/turn    (no ring)
MPRegen 0.08/turn

%: no passive effects
@: very quick
A: very small, no large weapons, unfitting armour, see invisible, speed 3
a: no special abilities


You were on level 4 of the Dungeon.
You visited 1 branch of the dungeon, and saw 5 of its levels.

You collected 14 gold pieces.

Inventory:

Hand Weapons
 a - a +0 short sword (weapon)
Armour
 b - a +0 robe (worn)
Potions
 c - a potion of ambrosia


   Skills:
 + Level 2.5 Fighting
 - Level 3.2 Short Blades
 * Level 4.3 Dodging


You couldn't memorise any spells.
You didn't know any spells.
Your spell library was empty.

Dungeon Overview and Level Annotations

Branches:
Dungeon (5/15)
 Temple: D:4-7

Altars:
Xom


Innate Abilities, Weirdness & Mutations

You are very small and have problems with some larger weapons.
You are too small for most types of armour.
You have supernaturally acute eyesight. (SInv)
You cover ground extremely quickly. (Speed+++)


Message History

The orc is severely wounded.
The orc closely misses you. The orc barely misses you.
Found 11 gold pieces.
Found 8 stones and 14 gold pieces.
Found two stone staircases leading up.
Found a stone staircase leading down.
You now have 14 gold pieces.
There is a stone staircase leading down here.
You climb downwards.
Found a stone staircase leading down.
There is a stone staircase leading up here.
There is a stone staircase leading down here.
You climb downwards.
Found a scroll labelled ATIFIA QATE.
Found a stone staircase leading down.
There is a stone staircase leading up here.
A scorpion comes into view.
As you open the door, it creaks loudly!
Found a shimmering altar of Xom.
An ice beast comes into view.
There is a stone staircase leading up here.
The scorpion stings you!
Ouch! That really hurt!
You climb upwards.
There is a stone staircase leading down here.
You open the door.
A hobgoblin comes into view.
The hobgoblin shouts!
Found an emerald potion.
Found a metallic blue potion.
An iguana comes into view.
An orc opens the door.
The orc shouts!
You hear a shout! x2
You open the door.
An endoplasm comes into view.
The endoplasm quivers.
An orc comes into view. It is wielding a +0 club.
The iguana bites you!
Ouch! That really hurt!
You die...

# ######+##..
#.######!.#.......#
....... #.......+
.... +.......#
######'####.......#
..................#
..>...........!...+
......<.....o..l@.#
...........g.s....#
#+###+###'######'##
#... .J# #... o.#
+.... ...' #....
...# #.........# ##


You could see a scorpion, an iguana, 2 orcs, an endoplasm and a hobgoblin.

Vanquished Creatures
  A dart slug (D:2)
  A kobold (D:1)
2 creatures vanquished.

Notes
Turn   | Place    | Note
-------+----------+-------------------------------------------
     0 | D:1      | Bravepunisher the Spriggan Monk began the quest for the
                  | Orb.
     0 | D:1      | Reached XP level 1. HP: 11/11 MP: 2/2
   132 | D:5      | Entered Level 5 of the Dungeon
   133 | D:5      | Noticed a scorpion
   135 | D:5      | Found a shimmering altar of Xom.
   137 | D:5      | Noticed an ice beast
   147 | D:4      | Noticed an iguana
   155 | D:4      | Slain by an iguana

Illustrated notes

Levels and vault maps discovered:
D:1:      reono_arrival_forest_river, layout_loops_corners,
          grunt_decor_one_mirror
D:2:      layout_basic, hellmonk_ecumenical_altar_zigzags, serial_shops,
          nicolae_shop_advertising_works [nicolae_subvault_shop_adworks]
D:3:      layout_rooms, serial_shops, shop
D:4:      layout_gridville, lemuel_flame_loot_1, uniq_eustachio
D:5:      layout_loops_ring, mainiacjoe_overflow_six_doors_small,
          minmay_temple_entry_mist, serial_glass, glass_columns_c,
          glass_columns_a, glass_columns_a, glass_columns_c, glass_columns_a,
          glass_columns_a, glass_columns_a, glass_columns_a, serial_shops, shop,
          uniq_pikel

Action                     || total
---------------------------++-------
  Melee: Short sword       ||    11
   Stab: Distracted        ||     1
         Sleeping          ||     1
 Armour: Robe              ||     6
  Dodge: Dodged            ||     8

Table legend: (Time is in decaauts)
 A = Elapsed time spent in this place.
 B = Non-inter-level travel time spent in this place.
 C = Inter-level travel time spent in this place.
 D = Time resting spent in this place.
 E = Time spent auto-exploring this place.
 F = Levels seen in this place.
 G = Mean time per level.
                   A        B        C        D        E       F      G
               +--------+--------+--------+--------+--------+-----+--------+
         Total |    107 |    107 |      0 |      0 |     19 |   5 |   21.4 |
       Dungeon |    107 |    107 |      0 |      0 |     19 |   5 |   21.4 |
               +--------+--------+--------+--------+--------+-----+--------+

Top non-repeatable levels by time:
     D:1: 38 daAuts
     D:3: 28 daAuts
     D:2: 20 daAuts
     D:4: 15 daAuts
     D:5: 5 daAuts
